 Seeded DCSS version 0.27.1-34-g3ba077fa99 (webtiles) character file.

Game seed: 8840528127268114696 (custom seed)

60 voltaire321 the Poker (level 4, 0/34 HPs)
             Began as a Merfolk Gladiator on Jan 19, 2022.
             Slain by an orc (3 damage)
             ... on level 3 of the Dungeon.
             The game lasted 00:03:44 (1222 turns).

voltaire321 the Poker (Merfolk Gladiator)           Turns: 1222, Time: 00:03:44

Health: 0/34       AC:  4    Str: 14    XL:     4   Next: 6%
Magic:  4/4        EV: 13    Int:  7    God:
Gold:   64         SH:  0    Dex: 16    Spells: 3/3 levels left

rFire    . . .     SeeInvis +   a - +0 trident
rCold    . . .     Faith    .   (no shield)
rNeg     . . .     Spirit   .   b - +0 leather armour
rPois    +         Reflect  .   c - +0 helmet
rElec    .         Harm     .   (no cloak)
rCorr    .         Rampage  .   (no gloves)
Will     .....                  (no boots)
Stlth    +.........             (no amulet)
HPRegen  0.11/turn              m - ring of poison resistance
MPRegen  0.09/turn              k - ring of see invisible

@: no status effects
A: (nimble swimmer 2), mertail
a: no special abilities


You were on level 3 of the Dungeon.
You visited 1 branch of the dungeon, and saw 3 of its levels.

You collected 64 gold pieces.

Inventory:

Hand Weapons
 a - a +0 trident (weapon)
Missiles
 d - 3 throwing nets (quivered)
 o - 6 boomerangs
Armour
 b - a +0 leather armour (worn)
 c - a +0 helmet (worn)
Jewellery
 f - a +6 ring of intelligence
 g - a ring of positive energy
 k - a ring of see invisible (right hand)
 m - a ring of poison resistance (left hand)
Scrolls
 e - 3 scrolls of acquirement {unknown}
 i - 5 scrolls of identify {unknown}
 j - a scroll of holy word {unknown}
 l - a scroll of magic mapping {unknown}
Potions
 h - 3 potions of curing {unknown}
 n - a potion of might {unknown}
 p - a potion of heal wounds {unknown}


   Skills:
 + Level 2.5 Fighting
 + Level 5.6 Polearms
 + Level 2.3 Throwing
 + Level 0.2 Armour
 + Level 4.8 Dodging


You had 3 spell levels left.
You didn't know any spells.
Your spell library contained the following spells:

 Spells                   Type           Power      Damage    Failure   Level
 Call Canine Familiar     Summ           0%         N/A       87%         3
 Portal Projectile        Hex/Tloc       0%         N/A       87%         3
 Leda's Liquefaction      Hex/Erth       0%         N/A       99%         4


Dungeon Overview and Level Annotations

Branches:
Dungeon (3/15)

Altars:


Innate Abilities, Weirdness & Mutations

((You are quick and stealthy near water. (Stealth+, EV+, Speed+++)))
Your lower body shifts to a powerful aquatic tail in water.


Message History

The orc is severely wounded.
You hit the orc priest.
The orc priest is lightly wounded.
The orc hits you but does no damage.
The orc priest calls upon Beogh to heal the orc.
The orc's wounds heal themselves!
You hit the orc priest.
The orc priest is moderately wounded.
A rat comes into view.
The orc barely misses you. The orc priest misses you.
You closely miss the orc priest.
The orc priest is moderately wounded.
The orc hits you with a +0 whip. The orc closely misses you.
The orc priest closely misses you. The orc misses you.
You hit the orc.
The orc is heavily wounded.
The orc hits you but does no damage.
You hit the orc.
The orc is almost dead.
The orc hits you with a +0 whip. The orc misses you.
You hit the orc priest but do no damage.
The orc priest is moderately wounded.
The orc priest hits you with a +0 short sword.
The orc hits you with a +0 whip. x2
You hit the orc priest.
The orc priest is heavily wounded.
The orc priest invokes the aid of Beogh against you.
Beogh smites you!
* * * LOW HITPOINT WARNING * * *
The orc hits you with a +0 whip.
* * * LOW HITPOINT WARNING * * *
The orc hits you with a +0 whip.
* * * LOW HITPOINT WARNING * * *
You barely miss the orc priest.
The orc priest is heavily wounded.
The orc priest hits you with a +0 short sword.
* * * LOW HITPOINT WARNING * * *
The orc barely misses you. The orc hits you with a +0 whip.
You die...

########## ..<.....).
..######## ......#
.####.## ## .# ((##.
.#######....##########...
................@or......
.########.##....oo...####
.# #.##..........# .#
#..#.....#.#..# .#
#.....####.#...# .##
#.....### .# ..# ..#
#.###...# .# ... #.#
#.##..#...... ... #.#
###.#.†####....


You could see an orc priest, 2 orcs and a rat.

Vanquished Creatures
  2 adders
  A worm (D:2)
  2 dart slugs
  5 bats
  3 endoplasms
  5 goblins
  2 hobgoblins (D:1)
  4 kobolds
  A quokka (D:2)
  6 ball pythons
  A frilled lizard (D:2)
  2 rats
34 creatures vanquished.

Notes
Turn   | Place    | Note
-------+----------+-------------------------------------------
     0 | D:1      | voltaire321 the Merfolk Gladiator began the quest for the
                  | Orb.
     0 | D:1      | Reached XP level 1. HP: 16/16 MP: 1/1
   104 | D:1      | Reached XP level 2. HP: 20/22 MP: 2/2
   292 | D:1      | Reached skill level 5 in Polearms
   497 | D:2      | Reached XP level 3. HP: 23/28 MP: 3/3
   642 | D:2      | Found a faded altar of an unknown god.
  1197 | D:3      | Reached XP level 4. HP: 33/34 MP: 4/4
  1222 | D:3      | Slain by an orc

Illustrated notes

Levels and vault maps discovered:
D:1:      minmay_arrival_semitransparent, layout_basic
D:2:      layout_rooms, chequers_ecumenical_altar_simple_redux,
          minmay_liquid_box
D:3:      layout_rooms, chequers_serial_rivers_small_3, guppyfry_early_lair_pool

Skill      XL: |  1  2 |
---------------+-------+-----
Polearms       | 5 |  5.6
Fighting       | |  2.5
Throwing       | |  2.3
Armour         | |  0.2
Dodging        | |  4.8

Action                   |  1- 3 |  4- 6 || total
-------------------------+-------+-------++-------
Melee: Trident           |    79 |    12 ||    91
 Stab: Sleeping          |     1 |       ||     1
Armor: Leather armour    |    18 |     2 ||    20
Dodge: Dodged            |    48 |     8 ||    56
